3AA
SAN BERNARDINO GRASSHOPPERS @ BATTLE GROUND AEROS
09/02/2025
 
TOP OF THE 1ST
San Bernardino Grasshoppers batting - Pitching for Battle Ground Aeros : RHP Zach Rediker
Pitching: RHP Zach Rediker
Batting: RHB Enrico Betancourt 0-0: Foul Ball, location: 2F
0-1: TRIPLE (Flyball, 9LD)
Batting: SHB Zuberi Mccray 0-0: Ball
1-0: Swinging Strike
1-1: Ball
2-1: Foul Ball, location: 2F
2-2: Ground out 4-3 (Groundball, 4)
Enrico Betancourt scores
Batting: RHB Parker Smith 0-0: Foul Ball, location: 2F
0-1: SINGLE (Line Drive, 8LS)
Batting: RHB Leo Cadden 0-0: Called Strike
0-1: Ball
1-1: Foul Ball, location: 2F
1-2: Fielders Choice at 2nd, 1-6 (Groundball, 13S)
Batting: LHB Natale Langushi 0-0: Called Strike
Leo Cadden steals 2nd base
0-1: SINGLE (Groundball, 34D)
Leo Cadden to third
Runner from 3rd tries for Home, SAFE, no throw
Batting: RHB José Ruíz 0-0: Ball
1-0: Ball
2-0: Ball
3-0: Called Strike
3-1: TRIPLE (Line Drive, 3L)
Natale Langushi scores
Batting: LHB Michael Nelson 0-0: Called Strike
0-1: Ball
1-1: Foul Ball, location: 2F
1-2: SINGLE (Flyball, 7LS)
José Ruíz scores
Batting: LHB Homer Spence 0-0: Ball
1-0: Ball
2-0: Called Strike
2-1: Fielders Choice at 2nd, 4-6 (Groundball, 4)
Top of the 1st over - 4 run(s), 5 hit(s), 0 error(s), 0 left on base; San Bernardino 4 - Battle Ground 0
BOTTOM OF THE 1ST
Battle Ground Aeros batting - Pitching for San Bernardino Grasshoppers : RHP Jim Unknown
Pitching: RHP Jim Unknown
Batting: RHB Carlos Soto 0-0: Called Strike
0-1: Ball
1-1: Ball
2-1: Ball
3-1: SINGLE (Flyball, 89S)
Batting: RHB Ernesto López 0-0: Grounds into double play, 5-4-3 (Groundball, 5)
Batting: RHB Raúl Javier Jr. 0-0: Ball
1-0: Swinging Strike
1-1: Foul Ball, location: 2F
1-2: Strikes out swinging
Bottom of the 1st over - 0 run(s), 1 hit(s), 0 error(s), 0 left on base; San Bernardino 4 - Battle Ground 0
TOP OF THE 2ND
San Bernardino Grasshoppers batting - Pitching for Battle Ground Aeros : RHP Zach Rediker
Batting: RHB José Urruticodez 0-0: Ball
1-0: Swinging Strike
1-1: Ball
2-1: Ball
3-1: Base on Balls
Batting: RHB Enrico Betancourt 0-0: Ball
1-0: Called Strike
1-1: Swinging Strike
1-2: Strikes out swinging
Batting: SHB Zuberi Mccray 0-0: Ball
1-0: Swinging Strike
1-1: Ball
José Urruticodez steals 2nd base
2-1: SINGLE (Groundball, 34) (infield hit)
José Urruticodez to third
Batting: RHB Parker Smith 0-0: Ball
1-0: Ball
2-0: Ball
3-0: Base on Balls
Zuberi Mccray to second
Batting: RHB Leo Cadden 0-0: Called Strike
0-1: Swinging Strike
0-2: Foul Ball, location: 2F
0-2: Foul Ball, location: 2F
0-2: Ball
1-2: Strikes out swinging
Batting: LHB Natale Langushi 0-0: Ball
1-0: Ball
2-0: Called Strike
2-1: SINGLE (Groundball, 6MD)
José Urruticodez scores
Zuberi Mccray to third
Parker Smith to second
Throwing error, E8
Zuberi Mccray scores
Parker Smith to third
Natale Langushi to second
Batting: RHB José Ruíz 0-0: Ball
1-0: Called Strike
1-1: Ball
2-1: Foul Ball, location: 2F
2-2: Ball
3-2: Foul Ball, location: 2F
3-2: Base on Balls
Batting: LHB Michael Nelson 0-0: Ball
1-0: Called Strike
1-1: Called Strike
1-2: Ball
2-2: Strikes out looking
Top of the 2nd over - 2 run(s), 2 hit(s), 1 error(s), 3 left on base; San Bernardino 6 - Battle Ground 0
BOTTOM OF THE 2ND
Battle Ground Aeros batting - Pitching for San Bernardino Grasshoppers : RHP Jim Unknown
Batting: SHB Juan Torres 0-0: Called Strike
0-1: Ground out 3-1 (Groundball, 34)
Batting: RHB José Rodríguez 0-0: Ball
1-0: Ground out 6-3 (Groundball, 6)
Batting: RHB Beau Murphy 0-0: Ball
1-0: Ball
2-0: Called Strike
2-1: Called Strike
2-2: Strikes out swinging
Bottom of the 2nd over - 0 run(s), 0 hit(s), 0 error(s), 0 left on base; San Bernardino 6 - Battle Ground 0
TOP OF THE 3RD
San Bernardino Grasshoppers batting - Pitching for Battle Ground Aeros : RHP Zach Rediker
Batting: LHB Homer Spence 0-0: Called Strike
0-1: Ball
1-1: SINGLE (Groundball, 6MD)
Batting: RHB José Urruticodez 0-0: Called Strike
0-1: Ball
1-1: Grounds into double play, 6-4-3 (Groundball, 6)
Batting: RHB Enrico Betancourt 0-0: Ball
1-0: Foul Ball, location: 2F
1-1: Swinging Strike
1-2: Strikes out looking
Top of the 3rd over - 0 run(s), 1 hit(s), 0 error(s), 0 left on base; San Bernardino 6 - Battle Ground 0
BOTTOM OF THE 3RD
Battle Ground Aeros batting - Pitching for San Bernardino Grasshoppers : RHP Jim Unknown
Batting: RHB Gustavo Meza 0-0: Swinging Strike
0-1: Ball
1-1: DOUBLE (Line Drive, 7LM)
Batting: RHB Jack Willis 0-0: Called Strike
0-1: Called Strike
0-2: Foul Ball, location: 2F
0-2: Strikes out swinging
Batting: RHB Juan Camacho 0-0: Ball
1-0: Swinging Strike
1-1: Ball
2-1: Foul Ball, location: 2F
2-2: SINGLE (Groundball, 6MD)
Gustavo Meza to third
Runner from 3rd tries for Home, SAFE, throw made home
Juan Camacho to second
Batting: RHB Carlos Soto 0-0: Ball
1-0: Swinging Strike
1-1: Swinging Strike
1-2: Foul Ball, location: 2F
1-2: Strikes out swinging
Batting: RHB Ernesto López 0-0: Called Strike
0-1: Ball
1-1: Ground out 6-3 (Groundball, 6)
Bottom of the 3rd over - 1 run(s), 2 hit(s), 0 error(s), 1 left on base; San Bernardino 6 - Battle Ground 1
TOP OF THE 4TH
San Bernardino Grasshoppers batting - Pitching for Battle Ground Aeros : RHP Zach Rediker
Batting: SHB Zuberi Mccray 0-0: Called Strike
0-1: Fly out, F8 (Flyball, 8RM)
Batting: RHB Parker Smith 0-0: Ball
1-0: Ball
2-0: Called Strike
2-1: Swinging Strike
2-2: Ground out 5-3 (Groundball, 5S)
Batting: RHB Leo Cadden 0-0: Ball
1-0: Ground out 5-3 (Groundball, 56)
Top of the 4th over - 0 run(s), 0 hit(s), 0 error(s), 0 left on base; San Bernardino 6 - Battle Ground 1
BOTTOM OF THE 4TH
Battle Ground Aeros batting - Pitching for San Bernardino Grasshoppers : RHP Jim Unknown
Batting: RHB Raúl Javier Jr. 0-0: Ground out 6-3 (Groundball, 6)
Batting: SHB Juan Torres 0-0: Called Strike
0-1: Foul Ball, location: 2F
0-2: SINGLE (Line Drive, 3D)
Batting: RHB José Rodríguez 0-0: Foul Ball, location: 2F
0-1: Ball
1-1: SINGLE (Line Drive, 6D)
Juan Torres to second
Batting: RHB Beau Murphy 0-0: Swinging Strike
0-1: Foul Ball, location: 2F
0-2: Ball
1-2: Strikes out swinging
Batting: RHB Gustavo Meza 0-0: SINGLE (Line Drive, 78S)
Juan Torres to third
José Rodríguez to second
Batting: RHB Jack Willis 0-0: Called Strike
0-1: Foul Ball, location: 2F
0-2: Hit by Pitch
Juan Torres scores
José Rodríguez to third
Gustavo Meza to second
Batting: RHB Juan Camacho 0-0: Swinging Strike
0-1: Ball
1-1: Swinging Strike
1-2: Foul Ball, location: 2F
1-2: Ball
2-2: Ball
3-2: Strikes out swinging
Bottom of the 4th over - 1 run(s), 3 hit(s), 0 error(s), 3 left on base; San Bernardino 6 - Battle Ground 2
TOP OF THE 5TH
San Bernardino Grasshoppers batting - Pitching for Battle Ground Aeros : RHP Zach Rediker
Pitching: RHP Gonzalo Granados
Batting: LHB Natale Langushi 0-0: Ball
1-0: Ball
2-0: Ball
3-0: Foul Ball, location: 2F
3-1: Base on Balls
Batting: RHB José Ruíz 0-0: Swinging Strike
0-1: Called Strike
0-2: Fly out, F4 (Popup, 4M)
Batting: LHB Michael Nelson 0-0: Ball
1-0: Ball
2-0: SINGLE (Groundball, 6MD)
Natale Langushi to second
Batting: LHB Homer Spence 0-0: Swinging Strike
0-1: Foul Ball, location: 2F
0-2: Ball
1-2: Strikes out looking
Batting: RHB José Urruticodez 0-0: Called Strike
0-1: Swinging Strike
0-2: Foul Ball, location: 2F
0-2: Ball
1-2: Fly out, F8 (Flyball, 8RD)
Top of the 5th over - 0 run(s), 1 hit(s), 0 error(s), 2 left on base; San Bernardino 6 - Battle Ground 2
BOTTOM OF THE 5TH
Battle Ground Aeros batting - Pitching for San Bernardino Grasshoppers : RHP Jim Unknown
Batting: RHB Carlos Soto 0-0: Called Strike
0-1: Called Strike
0-2: Foul Ball, location: 2F
0-2: Foul Ball, location: 2F
0-2: Fly out, F7 (Flyball, 7LSF)
Batting: RHB Ernesto López 0-0: Called Strike
0-1: Ball
1-1: Ball
2-1: Called Strike
2-2: Ball
3-2: Foul Ball, location: 2F
3-2: Foul Ball, location: 2F
3-2: Fly out, F6 (Line Drive, 56)
Batting: RHB Raúl Javier Jr. 0-0: Ball
1-0: Ground out 3-1 (Groundball, 34)
Bottom of the 5th over - 0 run(s), 0 hit(s), 0 error(s), 0 left on base; San Bernardino 6 - Battle Ground 2
TOP OF THE 6TH
San Bernardino Grasshoppers batting - Pitching for Battle Ground Aeros : RHP Gonzalo Granados
Batting: RHB Enrico Betancourt 0-0: Ball
1-0: Foul Ball, location: 2F
1-1: Ball
2-1: Fly out, F1 (Line Drive, 13)
Batting: SHB Zuberi Mccray 0-0: Swinging Strike
0-1: Foul Ball, location: 2F
0-2: Ball
1-2: Ball
2-2: Strikes out looking
Batting: RHB Parker Smith 0-0: Ball
1-0: Ball
2-0: Foul Ball, location: 2F
2-1: Foul Ball, location: 2F
2-2: Foul Ball, location: 2F
2-2: SINGLE (Groundball, 34D)
Batting: RHB Leo Cadden 0-0: Called Strike
0-1: Called Strike
0-2: Ball
1-2: Strikes out swinging
Top of the 6th over - 0 run(s), 1 hit(s), 0 error(s), 1 left on base; San Bernardino 6 - Battle Ground 2
BOTTOM OF THE 6TH
Battle Ground Aeros batting - Pitching for San Bernardino Grasshoppers : RHP Jim Unknown
Batting: SHB Juan Torres 0-0: Swinging Strike
0-1: SINGLE (Groundball, 4D)
Batting: RHB José Rodríguez 0-0: Ball
1-0: Ball
2-0: Called Strike
2-1: Ball
3-1: Base on Balls
Juan Torres to second
Batting: RHB Beau Murphy 0-0: Ball
1-0: Swinging Strike
1-1: Foul Ball, location: 2F
1-2: Foul Ball, location: 2F
1-2: Foul Ball, location: 2F
1-2: Grounds into double play, 6-4-3 (Groundball, 6)
Juan Torres to third
Batting: RHB Gustavo Meza 0-0: Called Strike
0-1: Ball
1-1: Foul Ball, location: 2F
1-2: Foul Ball, location: 2F
1-2: Ball
2-2: Ground out 6-3 (Groundball, 6S)
Bottom of the 6th over - 0 run(s), 1 hit(s), 0 error(s), 1 left on base; San Bernardino 6 - Battle Ground 2
TOP OF THE 7TH
San Bernardino Grasshoppers batting - Pitching for Battle Ground Aeros : RHP Gonzalo Granados
Batting: LHB Natale Langushi 0-0: Ball
1-0: Foul Ball, location: 2F
1-1: Ground out U3 (Groundball, 3)
Batting: RHB José Ruíz 0-0: Ball
1-0: Ball
2-0: Ball
3-0: Called Strike
3-1: Base on Balls
Batting: LHB Michael Nelson 0-0: Ball
1-0: Swinging Strike
1-1: SINGLE (Groundball, 4S) (infield hit)
José Ruíz to second
Batting: LHB Homer Spence 0-0: Ball
1-0: Ball
2-0: Foul Ball, location: 2F
2-1: Ball
3-1: Foul Ball, location: 2F
3-2: Fly out, F7 (Flyball, 7)
Pitching: LHP Dave Welch
Batting: RHB José Urruticodez 0-0: Ball
1-0: Ball
2-0: Called Strike
2-1: Ball
Wild Pitch!
José Ruíz to third
Michael Nelson to second
3-1: Base on Balls
Batting: RHB Enrico Betancourt 0-0: Ground out 1-3 (Groundball, P)
Top of the 7th over - 0 run(s), 1 hit(s), 0 error(s), 3 left on base; San Bernardino 6 - Battle Ground 2
BOTTOM OF THE 7TH
Battle Ground Aeros batting - Pitching for San Bernardino Grasshoppers : RHP Jim Unknown
Batting: RHB Jack Willis 0-0: Ball
1-0: Ball
2-0: Called Strike
2-1: Ball
3-1: Foul Ball, location: 2F
3-2: Ground out 5-3 (Groundball, 56)
Batting: RHB Juan Camacho 0-0: Called Strike
0-1: Ball
1-1: Ball
2-1: Called Strike
2-2: Foul Ball, location: 2F
2-2: Ball
3-2: Ground out 6-3 (Groundball, 6S)
Batting: RHB Carlos Soto 0-0: Ball
1-0: Foul Ball, location: 2F
1-1: Reached on error, E5 (Groundball, 5)
Batting: RHB Ernesto López 0-0: Ball
Carlos Soto steals 2nd base
1-0: Ball
2-0: Called Strike
2-1: Foul Ball, location: 2F
2-2: Foul Ball, location: 2F
2-2: Strikes out swinging
Bottom of the 7th over - 0 run(s), 0 hit(s), 1 error(s), 1 left on base; San Bernardino 6 - Battle Ground 2
TOP OF THE 8TH
San Bernardino Grasshoppers batting - Pitching for Battle Ground Aeros : LHP Dave Welch
Batting: SHB Zuberi Mccray 0-0: Foul Ball, location: 2F
0-1: Ball
1-1: Foul Ball, location: 2F
1-2: Ball
2-2: Ground out 6-3 (Groundball, 6)
Batting: RHB Parker Smith 0-0: Ball
1-0: Called Strike
1-1: Ball
2-1: Ball
3-1: Base on Balls
Batting: RHB Leo Cadden 0-0: Ball
1-0: Ball
2-0: Fielders Choice at 2nd, 5-4 (Groundball, 56)
Batting: LHB Natale Langushi 0-0: Ball
1-0: Fielders Choice at 2nd, 6-4 (Groundball, 6)
Top of the 8th over - 0 run(s), 0 hit(s), 0 error(s), 0 left on base; San Bernardino 6 - Battle Ground 2
BOTTOM OF THE 8TH
Battle Ground Aeros batting - Pitching for San Bernardino Grasshoppers : RHP Jim Unknown
Batting: RHB Raúl Javier Jr. 0-0: SINGLE (Line Drive, 78S)
Batting: SHB Juan Torres 0-0: Ball
1-0: Ball
2-0: Ball
3-0: Called Strike
3-1: Base on Balls
Raúl Javier Jr. to second
Pitching: LHP César Valdéz
Batting: RHB José Rodríguez 0-0: Ball
1-0: Ball
2-0: Foul Ball, location: 2F
2-1: Foul Ball, location: 2F
2-2: Ball
3-2: Foul Ball, location: 2F
3-2: Base on Balls
Raúl Javier Jr. to third
Juan Torres to second
Pitching: RHP Aurelio Sánchez
Batting: RHB Beau Murphy 0-0: Called Strike
0-1: Ball
1-1: Ball
2-1: Fly out, F9 (Flyball, 9S)
Batting: RHB Gustavo Meza 0-0: Called Strike
0-1: Called Strike
0-2: Ball
1-2: Foul Ball, location: 2F
1-2: Ball
2-2: Strikes out swinging
Batting: RHB Jack Willis 0-0: Called Strike
0-1: Ball
1-1: Called Strike
1-2: Strikes out looking
Bottom of the 8th over - 0 run(s), 1 hit(s), 0 error(s), 3 left on base; San Bernardino 6 - Battle Ground 2
TOP OF THE 9TH
San Bernardino Grasshoppers batting - Pitching for Battle Ground Aeros : LHP Dave Welch
Batting: RHB José Ruíz 0-0: Ball
1-0: Ball
2-0: Called Strike
2-1: Foul Ball, location: 2F
2-2: Foul Ball, location: 2F
2-2: Ball
3-2: SINGLE (Flyball, 89S)
Batting: LHB Michael Nelson 0-0: Called Strike
0-1: Sac Bunt - play at first, batter OUT! 1-3
José Ruíz to second
Batting: LHB Homer Spence 0-0: Ball
1-0: Foul Ball, location: 2F
1-1: Swinging Strike
1-2: Strikes out swinging
Batting: RHB José Urruticodez 0-0: Ball
1-0: Ball
2-0: Ball
3-0: Called Strike
3-1: Fly out, F8 (Flyball, 8RM)
Top of the 9th over - 0 run(s), 1 hit(s), 0 error(s), 1 left on base; San Bernardino 6 - Battle Ground 2
BOTTOM OF THE 9TH
Battle Ground Aeros batting - Pitching for San Bernardino Grasshoppers : RHP Aurelio Sánchez
Batting: RHB Juan Camacho 0-0: Called Strike
0-1: Foul Ball, location: 2F
0-2: Strikes out swinging
Batting: RHB Carlos Soto 0-0: Foul Ball, location: 2F
0-1: Ball
1-1: Ball
2-1: Called Strike
2-2: Foul Ball, location: 2F
2-2: Ball
3-2: DOUBLE (Line Drive, 3D)
Batting: RHB Ernesto López 0-0: Ball
1-0: Ball
2-0: Ball
3-0: Called Strike
3-1: Called Strike
3-2: SINGLE (Groundball, 6MD)
Carlos Soto to third
Runner from 3rd tries for Home, SAFE, no throw
Pitching: LHP Héctor Valentín
Batting: RHB Raúl Javier Jr. Pickoff Throw to First - Error! E1
Ernesto López to second
0-0: Fly out, F7 (Flyball, 78M)
Batting: SHB Juan Torres 0-0: Ball
1-0: Ball
2-0: Ball
3-0: Called Strike
3-1: Ground out 6-3 (Groundball, 6)
Bottom of the 9th over - 1 run(s), 2 hit(s), 1 error(s), 1 left on base; San Bernardino 6 - Battle Ground 3
Friday, December 30th, 2016 - OOTP Baseball 17.12 Build 75